 Dungeon Crawl Stone Soup version 0.28-a0-1356-g2ad6d04315 (webtiles) character file.

Game seed: 16276592018571622536

48 browni3141 the Chopper (level 3, 0/46 HPs)
             Began as a Palentonga Berserker on Dec 30, 2021.
             Was a Follower of Trog.
             Slain by a gnoll (1 damage)
             ... on level 2 of the Dungeon.
             The game lasted 00:01:11 (1414 turns).

browni3141 the Chopper (Palentonga Berserker)       Turns: 1414, Time: 00:01:12

Health: 0/46       AC:  6    Str: 22    XL:     3   Next: 50%
Magic:  3/3        EV:  8    Int:  7    God:    Trog [*.....]
Gold:   94         SH:  0    Dex:  9    Spells: 2/2 levels left

rFire   . . .      SeeInvis +   a - +0 hand axe
rCold   . . .      Faith    .   (no shield)
rNeg    . . .      Spirit   .   i - +0 scale mail
rPois   .          Reflect  .   (no helmet)
rElec   .          Harm     .   (no cloak)
rCorr   .          Rampage  .   (no gloves)
Will    .....                   (no barding)
Stlth   ..........              (no amulet)
HPRegen 0.15/turn               (no ring)
MPRegen 0.08/turn               (no ring)

@: berserking, very quick
A: large, rugged brown scales 3, see invisible, deformed body, roll 1, armoured
tail
a: Rolling Charge, Renounce Religion, Berserk


You were on level 2 of the Dungeon.
You worshipped Trog.
Trog was aware of your devotion.
You visited 1 branch of the dungeon, and saw 2 of its levels.

You collected 94 gold pieces.

Inventory:

Hand Weapons
 a - a +0 hand axe (weapon)
Armour
 b - a +0 animal skin
 i - a +0 scale mail (worn)
Scrolls
 d - a scroll of silence {unknown}
 e - 2 scrolls of summoning {unknown}
 f - a scroll of holy word {unknown}
Potions
 c - a potion of heal wounds {unknown}
 g - a potion of haste {unknown}
 h - a potion of ambrosia {unknown}


   Skills:
 - Level 3.0 Fighting
 * Level 4.6 Axes
 - Level 1.5 Armour
 - Level 1.5 Dodging


You had 2 spell levels left.
You didn't know any spells.
Your spell library was empty.

Dungeon Overview and Level Annotations

Branches:
Dungeon (2/15)

Altars:


Innate Abilities, Weirdness & Mutations

You are completely covered in rugged brown scales. (AC +3, +7% HP)
You have supernaturally acute eyesight. (SInv)
Armour fits poorly on your strangely shaped body.
You can roll at nearby foes to attack.
You have a long armoured tail.


Message History

The giant cockroach is severely wounded.
The giant cockroach barely misses you. The ball python barely misses you.
You slash the giant cockroach!
You kill the giant cockroach!
Trog accepts your kill.
You hit the gnoll. You hit the ball python. The gnoll hits you with a +0 club!
The ball python bites you but does no damage.
The gnoll hits you from afar with a +2 spear of flaming.
The gnoll burns you.
Roll where?
Press: ? - help, Q - select action Dir - move target, f - gnoll
Aim: a gnoll, wielding a +2 spear of flaming You roll forward with a clatter of scales!
You slash the gnoll!
The gnoll is heavily wounded.
You completely miss the rat. You hit the ball python.
You kill the ball python!
Trog accepts your kill.
You hit the gnoll. You hit the gnoll. The gnoll hits you with a +0 club.
The gnoll hits you with a +2 spear of flaming.
* * * LOW HITPOINT WARNING * * *
The gnoll burns you.
* * * LOW HITPOINT WARNING * * *
The rat bites you.
* * * LOW HITPOINT WARNING * * *
The gnoll hits you with a +0 flail.
* * * LOW HITPOINT WARNING * * *
Unknown command.
Unknown command.
Unknown command.
A red film seems to cover your vision as you go berserk!
You feel yourself moving faster!
You feel mighty! The gnoll hits you but does no damage.
The gnoll hits you with a +2 spear of flaming.
* * * LOW HITPOINT WARNING * * *
The gnoll burns you.
You die...

....#.#
....#.#
###..)#
########
##..#######
#......#
#.>......#
#......#
########.#
#......# #.#
#......#
#.####†r....#
#....○@g....#
#####gg.....#
.........#
#?#...#####
#...#.#
###.#.# #...#
#####


You could see 3 gnolls and a rat.

Vanquished Creatures
  3 dart slugs (D:2)
  5 ball pythons
  A bat (D:2)
  4 endoplasms
  6 giant cockroaches (D:2)
  4 goblins
  3 hobgoblins (D:1)
  4 jackals (D:1)
  3 frilled lizards
  2 kobolds
  A rat (D:1)
36 creatures vanquished.

Vanquished Creatures (others)
  4 toadstools (D:1)
4 creatures vanquished.

Grand Total: 40 creatures vanquished

Notes
Turn   | Place    | Note
-------+----------+-------------------------------------------
     0 | D:1      | browni3141 the Palentonga Berserker began the quest for the
                  | Orb.
     0 | D:1      | Reached XP level 1. HP: 19/19 MP: 1/1
   161 | D:1      | Found a faded altar of an unknown god.
   305 | D:1      | Reached XP level 2. HP: 20/25 MP: 2/2
   962 | D:2      | Reached skill level 4 in Axes
  1176 | D:2      | Reached XP level 3. HP: 31/31 MP: 3/3
  1413 | D:2      | HP: 1/31 [gnoll (5)]
  1414 | D:2      | Slain by a gnoll

Illustrated notes

Levels and vault maps discovered:
D:1:      ldierk_walled_garden_2, layout_basic, basic_ecumenical_altar,
          chequers_big_river, kennysheep_another_room
D:2:      layout_basic

Skill      XL: |  1  2 |
---------------+-------+-----
Axes           | 4 |  4.6
Fighting       | |  3.0
Armour         | |  1.5
Dodging        | |  1.5

Action                   || total
-------------------------++-------
Melee: Hand axe          ||    88
       Tailslap          ||     6
Invok: Berserk           ||     2
 Abil: Rolling Charge    ||    23
Armor: Animal skin       ||    26
       Scale mail        ||     6
Dodge: Dodged            ||    36

Table legend: (Time is in decaauts)
 A = Elapsed time spent in this place.
 B = Non-inter-level travel time spent in this place.
 C = Inter-level travel time spent in this place.
 D = Time resting spent in this place.
 E = Time spent auto-exploring this place.
 F = Levels seen in this place.
 G = Mean time per level.
                   A        B        C        D        E       F      G
               +--------+--------+--------+--------+--------+-----+--------+
         Total |   1435 |   1429 |      6 |     27 |   1219 |   2 |  717.5 |
       Dungeon |   1435 |   1429 |      6 |     27 |   1219 |   2 |  717.5 |
               +--------+--------+--------+--------+--------+-----+--------+

Top non-repeatable levels by time:
     D:1: 967 daAuts
     D:2: 468 daAuts
